 Dungeon Crawl Stone Soup version 0.27.1-34-g3ba077fa99 (webtiles) character file.

Game seed: 8122053960345345092

2104 lordive the Thaumaturge (level 9, -5/46 HPs)
             Began as a Deep Elf Conjurer on Jan 19, 2022.
             Succumbed to Duvessa's poison
             ... on level 6 of the Dungeon.
             The game lasted 00:11:38 (7685 turns).

lordive the Thaumaturge (Deep Elf Conjurer)         Turns: 7685, Time: 00:11:39

Health: -5/46      AC:  3    Str:  4    XL:     9   Next: 7%
Magic:  13/24      EV: 13    Int: 27    God:
Gold:   260        SH:  0    Dex: 13    Spells: 23/26 levels left

rFire    . . .     SeeInvis .   (no weapon)
rCold    . . .     Faith    .   (no shield)
rNeg     . . .     Spirit   .   a - +0 robe
rPois    .         Reflect  .   (no helmet)
rElec    .         Harm     .   o - +0 cloak
rCorr    .         Rampage  .   (no gloves)
Will     .....                  (no boots)
Stlth    +++.......             (no amulet)
HPRegen  0.15/turn              (no ring)
MPRegen  0.19/turn              (no ring)

@: lethally poisoned (-5 -> -39)
A: no striking features
a: no special abilities


You were on level 6 of the Dungeon.
You visited 1 branch of the dungeon, and saw 6 of its levels.
You also visited: Sewer.

You collected 260 gold pieces.

Inventory:

Armour
 a - a +0 robe (worn)
 o - a +0 cloak (worn)
Jewellery
 d - a +6 ring of strength
 l - an amulet of reflection
Wands
 y - a wand of flame (15)
Scrolls
 b - 3 scrolls of amnesia {unknown}
 e - 5 scrolls of identify {unknown}
 f - 2 scrolls of magic mapping {unknown}
 h - a scroll of noise {unknown}
 i - a scroll of vulnerability {unknown}
 m - a scroll of teleportation {unknown}
 n - a scroll of blinking {unknown}
 q - 2 scrolls of enchant armour {unknown}
 t - a scroll of brand weapon {unknown}
 u - 2 scrolls of summoning {unknown}
 w - a scroll of acquirement {unknown}
 x - a scroll of fear {unknown}
Potions
 c - a potion of degeneration {unknown}
 g - 2 potions of curing {unknown}
 j - 3 potions of might {unknown}
 k - a potion of mutation {unknown}
 p - a potion of berserk rage {unknown}
 r - a potion of haste {unknown}
 s - a potion of heal wounds {unknown}
 v - a potion of flight {unknown}
 z - a potion of attraction {unknown}


   Skills:
 + Level 0.6 Fighting
 + Level 4.2 Dodging
 + Level 4.8 Stealth
 + Level 9.3 Spellcasting
 + Level 8.3 Conjurations
 * Level 4.6 Fire Magic
 * Level 4.0 Earth Magic


You had 23 spell levels left.
You knew the following spells:

 Your Spells              Type           Power      Damage    Failure   Level
a - Magic Dart            Conj           100%       1d8       1%          1
b - Searing Ray           Conj           100%       3d7       1%          2

Your spell library contained the following spells:

 Spells                   Type           Power      Damage    Failure   Level
 Dazzling Flash           Conj/Hex       70%        N/A       2%          3
 Passwall                 Tmut/Erth      19%        N/A       3%          2
 Fulminant Prism          Conj/Hex       17%        3d11      9%          4
 Hailstorm                Conj/Ice       35%        3d9       9%          4
 Iskenderun's Mystic Bla  Conj/Tloc      35%        2d8       9%          4
 Swiftness                Air            12%        N/A       14%         3
 Ice Form                 Ice/Tmut       12%        N/A       41%         4
 Invisibility             Hex            6%         N/A       100%        6
 Simulacrum               Ice/Necr       6%         N/A       100%        6


Dungeon Overview and Level Annotations

Branches:
Dungeon (6/15)             Temple (0/1) D:5           Sewer (visited)

Altars:
Ashenzari
Nemelex Xobeh
Wu Jian

Shops:
D:1 *

Annotations:
D:3 cbfl8's ghost, amateur MiDe
D:6 Duvessa


Message History

Duvessa is lightly wounded.
The searing ray hits the orc wizard!
You kill the orc wizard! (Press . to maintain the ray.) Duvessa misses you.
The searing ray hits Duvessa.
Duvessa is moderately wounded.
An orc comes into view. It is wielding a +0 trident.
Duvessa barely misses you.
The searing ray hits Duvessa!
Duvessa is heavily wounded.
Duvessa closely misses you.
Duvessa hits you with a +3 short sword of venom.
You are poisoned.
The searing ray hits Duvessa but does no damage.
Duvessa is moderately wounded.
You finish channeling your searing ray.
You feel very sick.
Duvessa hits you with a +3 short sword of venom!
You are more poisoned.
Casting: Searing Ray (safe; 1% risk of failure)
Confirm with . or Enter, or press ? or * to list all spells.
Aiming: Searing Ray (safe; 1% risk of failure)
Press: ? - help, Shift-Dir - straight line, f - Duvessa
Aim: Duvessa, wielding a +3 short sword of venom, wearing a +1 leather armour of poison resistance and quivering stones (moderately wounded, berserk, 85% to hit)
The searing ray hits Duvessa!
Duvessa is severely wounded. (Press . to maintain the ray.)
You feel very sick. Duvessa barely misses you. Duvessa misses you.
The searing ray misses Duvessa.
The searing ray hits the orc!
You kill the orc!
You feel very sick.
Duvessa hits you with a +3 short sword of venom!
* * * LOW HITPOINT WARNING * * *
You are more poisoned.
Unknown command.
The searing ray hits Duvessa!
Duvessa is almost dead.
You die...

.
##.....##..##....##..##....
###...##......))######.##.
###..###.).....# ##.....
#.####.......###....†.
#.##.#.....##.........
#..#.....#............
..#........###..###....#
........##..###.......##
....##.@#.....#.....)###
.## ##e........#.......
#.....#.......##..
.).##.........##.. ..)..
#.......##.# ..$.#..
#.......##.#
.................#...
..................#...
......#................


You could see Duvessa (berserk).

Vanquished Creatures
  Grinder (D:4)
  Edmund (D:6)
  An orc warrior (D:4)
  A black bear (D:6)
  An ice beast (D:6)
  A necrophage (D:5)
  A phantom (D:3)
  Blork the orc (D:5)
  A kobold brigand (D:5)
  A bullfrog (D:6)
  2 scorpions (D:4)
  Dowan (D:6)
  6 killer bees (D:5)
  A howler monkey (D:6)
  3 bullfrog zombies
  A hound (D:6)
  A bullfrog skeleton (D:6)
  3 orc priests (D:4)
  A centaur skeleton (D:3)
  2 iguanas (D:5)
  3 orc wizards
  7 gnolls
  8 adders
  2 white imps
  An adder skeleton (D:4)
  2 dart slugs
  16 orcs
  17 ball pythons
  5 bats
  5 endoplasms
  5 giant cockroaches
  3 hobgoblins
  15 jackals
  15 kobolds
  7 quokkas
  8 frilled lizards
  4 goblins
  6 rats
160 creatures vanquished.

Vanquished Creatures (others)
  15 fungi (D:5)
  12 plants (Sewer)
27 creatures vanquished.

Grand Total: 187 creatures vanquished

Notes
Turn   | Place    | Note
-------+----------+-------------------------------------------
     0 | D:1      | lordive the Deep Elf Conjurer began the quest for the Orb.
     0 | D:1      | Reached XP level 1. HP: 10/10 MP: 6/6
   137 | D:1      | Reached XP level 2. HP: 15/15 MP: 2/8
   223 | D:1      | Reached skill level 5 in Conjurations
   431 | D:1      | Found Olism's Assorted Antiques.
   466 | D:1      | Learned a level 2 spell: Searing Ray
   645 | D:1      | Reached XP level 3. HP: 19/19 MP: 7/9
  1167 | D:2      | Found a faded altar of an unknown god.
  1890 | D:3      | Noticed a phantom
  1896 | D:3      | Killed a phantom
  1897 | D:3      | Reached skill level 4 in Spellcasting
  1897 | D:3      | Reached XP level 4. HP: 24/24 MP: 2/12
  2130 | D:3      | Reached XP level 5. HP: 28/28 MP: 8/14
  2453 | D:3      | Found a transporter.
  2455 | D:3      | Noticed cbfl8's ghost (amateur MiDe)
  2554 | D:3      | Found a broken altar of Ashenzari.
  2747 | D:3      | Found a transporter.
  2757 | D:3      | Reached skill level 5 in Spellcasting
  3169 | D:4      | Noticed Grinder
  3178 | D:4      | Killed Grinder
  3179 | D:4      | Reached skill level 6 in Spellcasting
  3179 | D:4      | Reached XP level 6. HP: 32/32 MP: 3/17
  3325 | D:4      | Noticed an orc warrior
  3336 | D:4      | Killed an orc warrior
  3337 | D:4      | Reached skill level 1 in Fire Magic
  3337 | D:4      | Reached XP level 7. HP: 36/36 MP: 7/18
  3558 | D:4      | Reached skill level 1 in Earth Magic
  3807 | D:4      | Reached skill level 7 in Spellcasting
  4754 | D:5      | Entered Level 5 of the Dungeon
  4871 | D:5      | Reached XP level 8. HP: 41/41 MP: 8/21
  4949 | D:5      | Noticed Blork the orc
  4955 | D:5      | Killed Blork the orc
  5030 | D:5      | Found a glowing drain.
  5041 | Sewer    | Entered a sewer
  6398 | D:5      | Reached skill level 8 in Spellcasting
  6619 | D:5      | Found a staircase to the Ecumenical Temple.
  6746 | D:5      | Found an ornate altar of the Wu Jian Council.
  6779 | D:5      | Found a sparkling altar of Nemelex Xobeh.
  7435 | D:6      | Noticed Dowan
  7464 | D:6      | Killed Dowan
  7465 | D:6      | Reached skill level 9 in Spellcasting
  7556 | D:6      | Reached XP level 9. HP: 46/46 MP: 19/24
  7585 | D:6      | Noticed Edmund
  7593 | D:6      | Killed Edmund
  7675 | D:6      | Noticed Duvessa
  7684 | D:6      | HP: 1/46 [Duvessa (15)]
  7685 | D:6      | Succumbed to Duvessa's poison

Illustrated notes

Levels and vault maps discovered:
D:1:      nagdon_arrival_double_spiral, layout_loops_ring, serial_shops, shop,
          minmay_liquid_box
D:2:      layout_loops_corners, chequers_ecumenical_altar_simple_redux
D:3:      layout_rooms, mainiacjoe_overflow_24_doors, gammafunk_ghost_mausoleum
D:4:      layout_gridville, uniq_grinder
D:5:      layout_basic, mainiacjoe_overflow_chevrons, lemuel_doored_altar,
          minmay_temple_entry_enclosed_plants, serial_curves, eino_curves_01,
          eino_curves_04, cheibrodos_sewer_entry_drain, uniq_blork_the_orc
D:6:      layout_cave_pools, nicolae_tso_swordbearing_angel, minmay_crossroads,
          uniq_duvessa, uniq_edmund

Skill      XL: |  1  2  3  4  5  6  7  8  9 |
---------------+----------------------------+-----
Conjurations   | 5 6 7 8 |  8.3
Stealth        | 3 4 |  4.8
Spellcasting   | 4 6 7 9 |  9.3
Dodging        | 3 4 |  4.2
Fire Magic     | 1 3 4 |  4.6
Earth Magic    | 2 3 4 |  4.0
Fighting       | |  0.6

Action                   |  1- 3 |  4- 6 |  7- 9 || total
-------------------------+-------+-------+-------++-------
Melee: Unarmed           |       |       |    13 ||    13
 Cast: Magic Dart        |    65 |    71 |   152 ||   288
       Searing Ray       |     2 |     6 |    26 ||    34
Armor: Robe              |     4 |     2 |     5 ||    11
Dodge: Dodged            |     5 |     8 |    45 ||    58
